 Dungeon Crawl Stone Soup version 0.31-a0-152-g6aa68a64a1 (webtiles) character file.

Game seed: 15524487173588482595

0 Jeffwins the Ducker (level 1, 14/14 HPs)
             Began as an Octopode Wanderer on June 9, 2023.
             Quit the game on level 1 of the Dungeon.
             The game lasted 00:00:07 (21 turns).

Jeffwins the Ducker (Octopode Wanderer)               Turns: 21, Time: 00:00:08

Health: 14/14      AC:  3    Str: 10    XL:     1   Next: 10%
Magic:  2/2        EV: 14    Int: 11    God:
Gold:   26         SH:  0    Dex: 15    Spells: 2/2 levels left

rFire   . . .        a - +0 falchion
rCold   . . .        (no shield)
rNeg    . . .        b - +2 hat
rPois   .            (no amulet)
rElec   .            (no ring)
rCorr   .            (no ring)
SInv    .            (no ring)
Will    .....        (no ring)
Stlth   ++           (no ring)
HPRegen 0.22/turn    (no ring)
MPRegen 0.08/turn    (no ring)
                     (no ring)

%: no passive effects
@: no status effects
A: almost no armour, amphibious, 8 rings, camouflage 1, gelatinous body 1,
(nimble swimmer 1), tentacles
a: no special abilities


You were on level 1 of the Dungeon.
You visited 1 branch of the dungeon, and saw 1 of its levels.

You collected 26 gold pieces.


Innate Abilities, Weirdness & Mutations

You cannot wear most types of armour.
You are amphibious.
You can wear up to eight rings at the same time.
Your skin changes colour to match your surroundings (Stealth+).
Your rubbery body absorbs attacks. (AC +1, EV +1)
((You are camouflaged when in or above water. (Stealth+)))
You have tentacles for arms and can constrict up to eight enemies at once.


   Skills:
 + Level 2.0 Fighting
 + Level 2.0 Long Blades
 + Level 1.0 Throwing
 + Level 4.0 Dodging
 + Level 1.0 Spellcasting


You had 2 spell levels left.
You didn't know any spells.
Your spell library was empty.

Inventory:

Hand Weapons
 a - a +0 falchion (weapon)
Armour
 b - a +2 hat (worn)
Scrolls
 c - a scroll of teleportation {@r4}
Potions
 d - a potion of berserk rage {!q}

Dungeon Overview and Level Annotations

Branches:
Dungeon (1/15)

Altars:

...... #....#
#....# ###.#..#
#......####
#....#..w..
#......# #.$@..#
#.....#
#.#.#.#####
#.#.......#
#......##.#
#.P...P.#
####.......#.##
###
#......<.......
...#.##...........


You could see a dart slug.


Message History

Bad monster_list_colour key: strict_neutral Options error: Bad object type '%}|\' for autopickup. (~/.crawlrc:1258) Bad channel name 'pray' for runrest: 'pray:' Welcome, Jeffwins the Octopode Wanderer.
A smirking vizier told you that the Orb of Zot is just within this dungeon.
Press ? for a list of commands and other information.
Found 35 gold pieces and a glowing sapphire amulet.
Found a staircase leading out of the dungeon.
You begin with the following items: a +0 falchion, a +2 hat, a scroll of teleportation {@r4}, a potion of berserk rage {!q}.
Unknown command.
You now have 8 gold pieces.
Found a hand axe.
You now have 26 gold pieces (gained 18).
A rat comes into view.
A rat is nearby!
The rat twitches its whiskers.
You slash the rat!
You kill the rat!
No target in view!
No target in view!
A dart slug comes into view.
Things that are here:
an amulet of reflection; a rat corpse Are you sure you want to abandon this character and quit the game? (Confirm with "yes".)

Action                     || total
---------------------------++-------
  Melee: Falchion          ||     1

Levels and vault maps discovered:
D:1:      dpeg_arrival_orchard, layout_loops_ring

Notes
Turn   | Place    | Note
-------+----------+-------------------------------------------
     0 | D:1      | Jeffwins the Octopode Wanderer began the quest for the Orb.
     0 | D:1      | Jeffwins set off with the following items: a +0 falchion, a
                  | +2 hat, a scroll of teleportation {@r4}, a potion of
                  | berserk rage {!q}.
     0 | D:1      | Reached XP level 1. HP: 14/14 MP: 2/2
    21 | D:1      | Quit the game

Vanquished Creatures
  A rat (D:1)
1 creature vanquished.

Table legend: (Time is in decaauts)
 A = Elapsed time spent in this place.
 B = Non-inter-level travel time spent in this place.
 C = Inter-level travel time spent in this place.
 D = Time resting spent in this place.
 E = Time spent auto-exploring this place.
 F = Levels seen in this place.
 G = Mean time per level.
                   A        B        C        D        E       F      G
               +--------+--------+--------+--------+--------+-----+--------+
         Total |     21 |     21 |      0 |      0 |     14 |   1 |   21.0 |
       Dungeon |     21 |     21 |      0 |      0 |     14 |   1 |   21.0 |
               +--------+--------+--------+--------+--------+-----+--------+

Top non-repeatable levels by time:
     D:1: 21 daAuts

Table legend:
 A = Non-vault XP
 B = Vault XP
 C = Vault XP percentage of total XP
 D = Non-vault monster count
 E = Vault monster count
 F = Vault count percentage of total count
                 A         B        C        D         E       F
            +---------+---------+-------+---------+---------+-------
      Total |       1 |       0 |   0.0 |       1 |       0 |   0.0
            +---------+---------+-------+---------+---------+-------
        D:1 |       1 |       0 |   0.0 |       1 |       0 |   0.0
            +---------+---------+-------+---------+---------+-------
